 Dungeon Crawl Stone Soup version 0.26-a0-67-g850bfe61e3 (webtiles) character file.

Game seed: 15845900068468874297

60 MarredHen the Sneak (level 3, -3/18 HPs)
             Began as a Spriggan Assassin on June 11, 2020.
             Slain by a worm (11 damage)
             ... on level 2 of the Dungeon.
             The game lasted 00:01:53 (1550 turns).

MarredHen the Sneak (Spriggan Assassin)             Turns: 1550, Time: 00:01:54

Health: -3/18      AC:  3    Str:  7    XL:     3   Next: 80%
Magic:  4/4        EV: 17    Int: 12    God:
Gold:   44         SH:  0    Dex: 18    Spells: 2/2 levels left

rFire    . . .     SeeInvis +   a - +2 dagger
rCold    . . .     Gourm    .   (shield restricted)
rNeg     . . .     Faith    .   b - +0 robe
rPois    .         Spirit   .   (helmet restricted)
rElec    .         Reflect  .   c - +0 cloak
rCorr    .         Harm     .   (gloves unavailable)
MR       .....                  (boots unavailable)
Stlth    ++++......             (no amulet)
HPRegen  0.06/turn              (no ring)
MPRegen  0.09/turn              (no ring)

@: very quick
A: very small, unfitting armour, see invisible, herbivore, speed 3, slow
metabolism 2
a: no special abilities


You were on level 2 of the Dungeon.
You were not hungry.

You visited 1 branch of the dungeon, and saw 2 of its levels.

You collected 44 gold pieces.

Inventory:

Hand Weapons
 a - a +2 dagger (weapon)
Missiles
 d - 3 poisoned darts (quivered)
 e - 2 curare-tipped darts
Armour
 b - a +0 robe (worn)
 c - a +0 cloak (worn)
Jewellery
 i - a cursed -4 ring of protection {unknown}
 n - an uncursed amulet of faith {unknown}
Scrolls
 g - a scroll of enchant weapon {unknown}
 h - a scroll of teleportation {unknown}
 j - 2 scrolls of identify {unknown}
 m - a scroll of remove curse {unknown}
 o - a scroll of amnesia {unknown}
Potions
 k - a potion of invisibility {unknown}
 l - a potion of curing {unknown}
Comestibles
 f - 3 rations


   Skills:
 + Level 1.7 Fighting
 + Level 2.4 Short Blades
 + Level 2.2 Throwing
 + Level 2.2 Dodging
 + Level 7.6 Stealth


You had 2 spell levels left.
You didn't know any spells.
Your spell library was empty.

Dungeon Overview and Level Annotations

Branches:
Dungeon (1/15)

Altars:


Innate Abilities, Weirdness & Mutations

You are very small and have problems with some larger weapons.
You are too small for most types of armour.
You have supernaturally acute eyesight. (SInv)
You are a herbivore.
You cover ground extremely quickly.
You need to consume almost no food.


Message History

Press: ? - help, Shift-Dir - straight line, f/p - worm
Aim: a worm (moderately wounded, poisoned)
You throw a poisoned dart. The poisoned dart hits the worm.
The worm looks even sicker.
The worm is moderately wounded.
Throwing (i - inventory. (/) - cycle)
d - 4 poisoned darts (quivered)
Press: ? - help, Shift-Dir - straight line, f/p - worm
Aim: a worm (moderately wounded, very poisoned)
You throw a poisoned dart. The poisoned dart hits the worm.
The worm is moderately wounded.
You hit the worm.
The worm is severely wounded.
The worm barely misses you.
You hit the worm.
The worm is severely wounded.
You hit the worm but do no damage.
The worm is severely wounded.
The worm bites you!
Ouch! That really hurt!
You die...

....####.###..#
.........# #..#
....####.###..#
. .####......#
.........#..#
########.#..#
.......(#..#
#######)#..#
#@#..# # #w#..#
.# #(#..#..
#.#... #.#.## #
#....#..###
#..........
##...######
##.##


You could see a worm (poisoned).

Vanquished Creatures
  2 adders (D:2)
  An ooze (D:2)
  A worm (D:2)
  A dart slug (D:1)
  A leopard gecko (D:2)
  2 giant cockroaches
  5 goblins
  5 hobgoblins
  3 kobolds
  2 ball pythons (D:2)
  2 bats (D:1)
  A frilled lizard (D:2)
  5 rats
31 creatures vanquished.

Notes
Turn   | Place    | Note
-------+----------+-------------------------------------------
     0 | D:1      | MarredHen the Spriggan Assassin began the quest for the
                  | Orb.
     0 | D:1      | Reached XP level 1. HP: 10/10 MP: 2/2
    38 | D:1      | Reached skill level 6 in Stealth
   187 | D:1      | Reached XP level 2. HP: 3/14 MP: 3/3
   580 | D:1      | You fall into a shaft and drop 1 floor!
   620 | D:2      | Reached skill level 7 in Stealth
   679 | D:2      | Reached XP level 3. HP: 6/18 MP: 4/4
  1550 | D:2      | Slain by a worm

Illustrated notes

Levels and vault maps discovered:
D:1:      psy_arrival_basics, layout_basic, st_stairs_6, hex_intersection,
          minivault_27, hangedman_feature_mirror
D:2:      layout_loops_ring, lemuel_blue_sif_altar, first_ration

Skill      XL: |  1  2  3 |
---------------+----------+-----
Stealth        | 6 7 |  7.6
Dodging        | 2 |  2.2
Fighting       | |  1.7
Short Blades   | |  2.4
Throwing       | |  2.2

Action                   || total
-------------------------++-------
Melee: Dagger            ||   125
Throw: Dart              ||    22
 Stab: Sleeping          ||     4
Armor: Robe              ||    18
Dodge: Dodged            ||    84

Table legend:
 A = Non-vault XP
 B = Vault XP
 C = Vault XP percentage of total XP
 D = Non-vault monster count
 E = Vault monster count
 F = Vault count percentage of total count
                 A         B        C        D         E       F
            +---------+---------+-------+---------+---------+-------
      Total |      81 |       5 |   5.8 |      28 |       3 |   9.7
            +---------+---------+-------+---------+---------+-------
        D:1 |      18 |       5 |  21.7 |      10 |       3 |  23.1
        D:2 |      63 |       0 |   0.0 |      18 |       0 |   0.0
            +---------+---------+-------+---------+---------+-------
